 Dungeon Crawl Stone Soup version 0.21.1-1-g345015f (webtiles) character file.

630707 Heatsaber the Conqueror (level 27, -12/217 (218) HPs)
             Began as a Hill Orc Fighter on May 23, 2018.
             Was the Champion of Makhleb.
             Killed from afar by an orb of fire (13 damage)
             ... with a bolt of fire
             ... on level 5 of the Realm of Zot on May 24, 2018.
             The game lasted 11:02:48 (61951 turns).

Heatsaber the Conqueror (Hill Orc Fighter)         Turns: 61951, Time: 11:02:50

HP:   -12/217 (218) AC: 50    Str: 31    XL:     27
MP:   16/28         EV: 10    Int:  9    God:    Makhleb [******]
Gold: 1120          SH: 33    Dex:  8    Spells: 18/26 levels left

rFire    + + +     SeeInvis +   C - +9 broad axe (chop)
rCold    + . .     Gourm    +   X - +8 large shield
rNeg     . . .     Faith    .   c - +11 gold dragon scales
rPois    +         Spirit   .   q - +1 helmet {SInv}
rElec    +         Reflect  .   a - +1 cloak {MR+}
rCorr    .         Harm     .   Q - +1 pair of gloves {Dex+3}
MR       +++..                  i - +2 pair of boots {run}
Stlth    ..........             l - amulet of Nobility {Gourm rElec rPois Dex-5}
HPRegen  0.00/turn              W - ring of protection from fire
MPRegen  0.21/turn              S - +5 ring of protection

@: very slightly contaminated, hasted, heavily drained, very quick
A: blurry vision 2, deterioration 1, fire resistance 1, frail 2, low mp 2,
inhibited regeneration, no potion heal 2, MP-powered wands
}: 3/15 runes: serpentine, barnacled, silver
a: Minor Destruction, Lesser Servant of Makhleb, Major Destruction, Greater
Servant of Makhleb, Renounce Religion


You were on level 5 of the Realm of Zot.
You worshipped Makhleb.
Makhleb was exalted by your worship.
You were not hungry.

You visited 11 branches of the dungeon, and saw 52 of its levels.
You also visited: Ice Cave.

You collected 7677 gold pieces.
You spent 6557 gold pieces at shops.

Inventory:

Hand Weapons
 e - a +4 broad axe of freezing
 z - a +9 vampiric war axe
 C - a +9 broad axe of chopping (weapon)
Armour
 a - a +1 cloak of magic resistance (worn)
 c - +11 gold dragon scales (worn)
 i - a +2 pair of boots of running (worn)
 q - a +1 helmet of see invisible (worn)
 Q - a +1 pair of gloves of dexterity (worn)
 X - a +8 large shield (worn)
Jewellery
 b - an uncursed ring of flight
 h - an uncursed amulet of regeneration
 l - the amulet of Nobility (around neck) {Gourm rElec rPois Dex-5}
   (You took it off a deep elf elementalist on level 3 of the Elven Halls)

   [amulet of the gourmand]

   It allows you to eat raw meat even when not hungry.
   It affects your dexterity (-5).
   It insulates you from electricity.
   It protects you from poison.
 n - an uncursed ring of protection from fire
 u - a +3 amulet of reflection
 w - a cursed ring of positive energy
 y - an uncursed ring of protection from magic
 H - the ring "Gumoth" {Wiz MR+ Int+4}
   (You bought it in a shop on level 4 of the Vaults)

   [ring of wizardry]

   It improves your spell success rate.
   It affects your intelligence (+4).
   It affects your resistance to hostile enchantments.
 K - a +3 ring of evasion
 N - an uncursed ring of protection from cold
 S - a +5 ring of protection (right hand)
 U - an uncursed ring of positive energy
 W - a ring of protection from fire (left hand)
Wands
 k - a wand of digging (31)
 t - a wand of scattershot (4)
 x - a wand of disintegration (15)
 I - a wand of acid (42)
 V - a wand of iceblast (69)
Scrolls
 g - 14 scrolls of fog
 j - 6 scrolls of magic mapping
 B - 15 scrolls of remove curse
 E - 27 scrolls of teleportation
 L - 9 scrolls of fear
 O - 4 scrolls of blinking
 P - 5 scrolls of summoning
 T - 3 scrolls of holy word
 Y - a scroll of brand weapon
 Z - 19 scrolls of identify
Potions
 d - 8 potions of heal wounds
 o - 2 potions of cancellation
 r - 11 potions of curing
 s - 6 potions of haste
 v - 3 potions of resistance
 A - 3 potions of ambrosia
 F - 7 potions of might
 G - a potion of mutation
 J - 3 potions of invisibility
Miscellaneous
 m - 2 boxes of beasts
 p - 3 sacks of spiders
 D - a crystal ball of energy
 M - 2 phantom mirrors
 R - a fan of gales
Comestibles
 f - 86 rations


   Skills:
 O Level 27(24.6) Fighting
 + Level 18.4(16.5) Axes
 + Level 21.1(19.0) Armour
 + Level 12.8(11.0) Dodging
 - Level 25.0(22.7) Shields
 - Level 6.0(4.5) Charms
 - Level 6.0(4.5) Necromancy
 - Level 6.0(4.5) Translocations
 - Level 18.0(16.0) Invocations
 - Level 16.0(14.1) Evocations


You had 18 spell levels left.
You knew the following spells:

 Your Spells              Type           Power        Failure   Level  Hunger
a - Animate Skeleton      Necr           N/A          65%         1    ##.....
b - Blink                 Tloc           N/A          78%         2    ###....
d - Regeneration          Chrm/Necr      #.........   95%         3    ####...
s - Song of Slaying       Chrm           #.......     78%         2    ###....


Dungeon Overview and Level Annotations

Branches:
Dungeon (15/15)            Temple (1/1) D:5            Lair (6/6) D:8
 Shoals (4/4) Lair:2        Snake (4/4) Lair:4        Slime (2/5) Lair:5
    Orc (2/2) D:9             Elf (3/3) Orc:2        Vaults (5/5) D:13
  Crypt (0/3) Vaults:2     Depths (5/5) D:15            Zot (5/5) Depths:5

Altars:
Ashenzari
Cheibriados
Dithmenos
Elyvilon
Fedhas
Gozag
Hepliaklqana
Kikubaaqudgha
Makhleb
Nemelex Xobeh
Okawaru
Qazlal
Ru
Sif Muna
Trog
Uskayaw
Vehumet
Wu Jian
Xom
Yredelemnul
Zin
The Shining One
Jiyva

Shops:
D:8 [   Orc:2 ([*:   Elf:1 ?   Elf:2 }   Elf:3 (   Snake:1 [   Snake:2 ?
Snake:4 ::=([   Vaults:1 ?   Vaults:2 %   Vaults:3 }   Vaults:4 =
Vaults:5 =!}*?%?!   Depths:1 [(?   Depths:2 (   Depths:3 =}=

Portals:
Hell: Depths:1 Depths:2 Depths:3 Depths:4 Depths:5
Abyss: Depths:1 Depths:2 Depths:4
Pandemonium: Depths:3
Ziggurat: Depths:5

Annotations:
Orc:2 exclusion: upstairs


Innate Abilities, Weirdness & Mutations

Scrolls take you longer to read.
Your body sometimes deteriorates upon taking damage.
Your flesh is heat resistant. (rF+)
You are very frail. (-20% HP)
Your magical capacity is very low. (-20% MP)
You do not regenerate when monsters are visible.
Potions are poor at restoring your health.
You expend magic power (3 MP) to strengthen your wands.


Message History

You block the freezing wraith's attack. x2
You block the red draconian's attack. You block the ancient lich's attack.
Casting: Blink
Confirm with . or Enter, or press ? or * to list all spells.
You miscast Blink.
You feel a wrenching sensation.
Your balrug hits the ancient lich with a demon whip of venom!!
The ancient lich is engulfed in flames!
The ancient lich resists.
Something hits your cacodemon!
Your cacodemon hits the orb of fire but does no damage.
Your cacodemon hits the orb of fire.
The orb of fire emits a lurid red light.
The bolt of fire hits you! You resist.
* * * LOW HITPOINT WARNING * * *
Casting: Blink
Confirm with . or Enter, or press ? or * to list all spells.
You miscast Blink.
Nothing appears to happen.
The orb of fire glows bright magenta.
The bolt of fire hits the orb of fire.
The orb of fire completely resists.
The bolt of fire hits you! You resist.
You die...

*,,,,,,,***,,,,,,,,,,,,,,,,,,,,,,
********* *,,,,,,,,,,,,,,,,,,,,,,
**,,,,,,,,,,,,,,,,,,,,,
***,,,,,,,,,,,,,,,,,,,
****,,,,,,,,,,,,,,,*
#▓▓▓▓▓▓▓▓▓#▓##,,,,,**
###..^.2d.......,,,,,,*
##....##*).......,,,,,,,
##########..Z###@**^......,,,,,,,
............###§WL........,,,,,,,
...........## #.W2........,,,,,,,
...........# #...........,,,,,,,
..........## #...........,,,,,,,
..........# #...........,,,,,,,
..†.%.....## #...........,,,,,,,
...........# ##..........,,,,,,,
...........#* ##........,,,,,,,,


You could see 3 orbs of fire, an ancient lich, a red draconian, a freezing
wraith, a phantom, a friendly cacodemon and a friendly balrug.

Vanquished Creatures
  4 ancient liches (Zot:5)
  3 orbs of fire
  2 juggernauts
  Sojobo (Vaults:2)
  Boris (Depths:4)
  Saint Roka (Depths:1)
  A Killer Klown (Zot:5)
  2 curse toes (Zot:4)
  12 golden dragons
  Nikola (Depths:2)
  A profane servitor (Depths:1)
  Jory (Vaults:4)
  3 electric golems
  14 tentacled monstrosities
  8 Orb Guardians (Zot:5)
  3 liches
  A deep elf master archer (Elf:3)
  8 quicksilver dragons
  3 deep elf blademasters (Elf:3)
  5 titans (Vaults:5)
  A kraken (Shoals:4)
  4 sphinxes
  6 death cobs
  2 acid blobs (Slime:1)
  14 storm dragons
  15 shadow dragons
  Roxanne (D:15)
  A storm dragon (shapeshifter) (Vaults:5)
  3 tengu reavers
  3 draconian monks
  11 fire giants
  11 nagarajas
  8 deep elf sorcerers
  9 vault wardens
  5 draconian shifters
  8 frost giants
  A balrug (Depths:2)
  6 draconian scorchers
  4 ghost moths
  5 draconian knights
  An iron dragon (Depths:5)
  Aizul (Depths:2)
  4 deep elf elementalists
  7 draconian annihilators
  4 draconian stormcallers
  A reaper (Depths:5)
  A spriggan defender (Depths:5)
  4 vampire knights
  A war gargoyle (Vaults:5)
  12 ironheart preservers
  24 very ugly things
  13 stone giants
  An entropy weaver (Vaults:3)
  6 deep elf demonologists
  17 green draconians
  9 red draconians
  10 purple draconians
  8 yellow draconians
  7 black draconians
  13 deep elf annihilators
  14 white draconians
  5 spark wasps
  6 statues (Depths:4)
  14 ettins
  2 pearl dragon zombies (Depths:1)
  4 deep elf death magi
  A crystal guardian (Vaults:5)
  5 merfolk javelineers
  9 yaktaur captains
  5 fire dragons
  A blizzard demon (Depths:5)
  6 merfolk impalers
  4 deep elf high priests
  A caustic shrike simulacrum (Depths:3)
  12 great orbs of eyes
  8 ice dragons
  10 ogre magi
  3 spriggan air magi
  28 vault guards
  3 hydras
  4 rakshasas
  15 naga warriors
  Harold (Lair:2)
  7 anacondas
  An anaconda (shapeshifter) (Vaults:5)
  4 merfolk aquamancers (Shoals:4)
  24 dancing weapons
  6 centaur warriors
  A death yak (shapeshifter) (Depths:2)
  5 merfolk avatars
  10 deep troll shamans
  An alligator snapping turtle (Shoals:2)
  4 death knights
  37 two-headed ogres
  6 naga sharpshooters
  4 tengu warriors
  A hell hog (Depths:1)
  A vampire mage (Depths:1)
  A queen ant (shapeshifter) (Vaults:5)
  An orc high priest (Orc:2)
  3 deep troll earth magi
  6 spriggan berserkers
  3 death yaks (Lair:5)
  2 small abominations (Vaults:5)
  Urug (D:15)
  2 soul eaters (Depths:5)
  2 hell knights (Depths:2)
  Sonja (D:15)
  4 sun demons
  2 shock serpents
  17 deep elf knights
  A salamander mystic (Depths:4)
  5 shadow wraiths
  20 skeletal warriors
  4 iron trolls
  A fire crab (shapeshifter) (Elf:2)
  14 sea snakes
  2 unseen horrors (Vaults:1)
  2 unseen horrors (shapeshifter)
  2 quicksilver dragon simulacra (Depths:5)
  5 flayed ghosts
  5 glowing orange brains
  A swamp dragon (shapeshifter) (D:14)
  9 wizards
  9 naga ritualists
  21 deep trolls
  13 deep elf archers
  2 phantasmal warriors (Vaults:5)
  7 necromancers
  16 harpies
  17 ironbrand convokers
  A golden dragon skeleton (Depths:1)
  13 orc knights
  7 mana vipers
  47 ugly things
  A moth of wrath (shapeshifter) (Vaults:1)
  An iron dragon zombie (Depths:1)
  61 deep elf magi
  An oklob plant (Lair:5)
  2 tengu skeletons
  A frost giant zombie (Vaults:4)
  3 wolf spiders
  5 cyclopes
  A shining eye (Slime:1)
  13 manticores
  8 fauns
  A faun (shapeshifter) (Depths:3)
  4 orc sorcerers
  25 moths of wrath
  6 elephants
  2 fire giant zombies
  5 salamanders
  A human skeleton (Vaults:3)
  16 vault sentinels
  5 guardian serpents
  2 stone giant skeletons (Depths:1)
  The ghost of Heatsaber the Chopper, a novice MiFi of Okawaru (D:7)
  2 ice statues
  3 apis skeletons (Depths:1)
  A merfolk siren (Shoals:2)
  4 rust devils (Depths:5)
  30 naga magi
  35 black mambas
  4 water nymphs
  26 spiny frogs
  A gargoyle (D:7)
  An eye of devastation (Slime:1)
  A rime drake (shapeshifter) (D:15)
  An efreet (Depths:5)
  7 komodo dragons
  A yaktaur (shapeshifter) (Vaults:1)
  30 yaktaurs
  2 ice devils (Depths:5)
  A kobold demonologist (D:14)
  5 freezing wraiths
  A rime drake (Lair:2)
  A komodo dragon (shapeshifter) (Vaults:3)
  2 demonic crawlers (D:15)
  4 tengu conjurers
  34 merfolk
  3 trolls
  2 elf skeletons (Depths:3)
  2 red devils (Depths:5)
  A queen bee (Lair:1)
  5 hornets
  3 meliai (D:14)
  A troll (shapeshifter) (Vaults:2)
  A polar bear (Lair:6)
  6 wind drakes
  A tyrant leech (shapeshifter) (Vaults:1)
  4 tyrant leeches (Lair:6)
  35 slime creatures
  8 hippogriffs
  2 ettin zombies
  An ice dragon zombie (Depths:1)
  9 dream sheep
  26 blink frogs
  2 spriggan skeletons (Depths:1)
  5 snapping turtles
  A stone giant simulacrum (Vaults:4)
  2 air elementals
  Sigmund (D:4)
  4 shadows
  3 spriggans
  6 wraiths
  2 flying skulls
  A redback (Vaults:3)
  A deep troll skeleton (Depths:1)
  A vampire (D:7)
  A redback (shapeshifter) (Depths:2)
  A spriggan (shapeshifter) (Vaults:1)
  5 basilisks
  A yak (shapeshifter) (Vaults:5)
  52 yaks
  3 wyverns
  An elf zombie (Depths:3)
  6 water elementals
  4 hogs (D:7)
  A human (D:7)
  4 fire elementals
  3 hungry ghosts
  13 vampire mosquitoes
  A steam dragon (D:13)
  42 nagas
  10 wargs
  A naga (shapeshifter) (Depths:1)
  2 acid dragons
  13 water moccasins
  4 porcupines
  A hell hound (Depths:5)
  2 floating eyes
  23 orc warriors
  A swamp drake (Lair:3)
  6 sky beasts
  18 ice beasts
  6 ettin simulacra (Depths:5)
  3 eyes of draining
  2 necrophages
  An ogre (shapeshifter) (Vaults:3)
  20 ogres
  2 phantoms
  13 boggarts
  22 centaurs
  7 crocodiles
  3 big kobolds
  35 bullfrogs
  A gnoll sergeant (D:8)
  3 earth elementals
  4 scorpions
  A water moccasin skeleton (D:4)
  A killer bee (shapeshifter) (Depths:4)
  36 killer bees
  10 wights
  An electric eel (Lair:6)
  2 howler monkeys
  2 centaur zombies
  14 crimson imps
  5 bullfrog zombies
  4 lava snakes (Snake:1)
  5 jellies
  23 orc priests
  A gnoll shaman (D:8)
  6 hounds
  An iron imp (Depths:1)
  2 bullfrog skeletons
  6 centaur skeletons
  6 iguanas
  Ijyb (D:5)
  27 orc wizards
  10 worker ants
  A hound skeleton (D:5)
  A worker ant zombie (D:8)
  20 gnolls
  22 adders
  A shadow imp (D:5)
  5 oozes
  An adder skeleton (D:4)
  2 worms
  2 dart slugs
  5 leopard geckos
  105 orcs
  13 giant cockroaches
  16 goblins
  5 hobgoblins
  13 jackals
  23 kobolds
  5 quokkas
  5 ball pythons (Snake:1)
  10 bats
  4 frilled lizards
  A jackal skeleton (D:5)
  A leopard gecko skeleton (D:8)
  18 rats
  A bush (D:15)
  2 crawling corpses (Elf:3)
  3 fire vortices (Depths:4)
  4 fungi
  8 plants
  2 tentacles (Shoals:4)
2184 creatures vanquished.

Vanquished Creatures (collateral kills)
  An ancient lich (Depths:1)
  An orb of fire (Zot:3)
  Frederick (Vaults:3)
  A golden dragon (Zot:3)
  2 electric golems
  2 liches (Vaults:5)
  5 tentacled monstrosities
  An Orb Guardian (Zot:5)
  3 death cobs
  2 sphinxes
  3 storm dragons
  4 tengu reavers (Vaults:5)
  A fire giant (Vaults:5)
  A nagaraja (Snake:4)
  Ilsuiw (Shoals:3)
  2 orc warlords (Orc:2)
  2 deep elf sorcerers (Elf:3)
  A balrug (Depths:5)
  A vault warden (Vaults:3)
  A frost giant (Depths:5)
  A draconian shifter (Depths:5)
  A draconian annihilator (Zot:4)
  2 draconian stormcallers (Depths:5)
  A deep elf elementalist (Elf:3)
  4 stone giants
  2 ironheart preservers (Vaults:5)
  2 very ugly things (Depths:3)
  A vampire knight (Depths:1)
  3 green draconians
  A deep elf annihilator (Elf:3)
  A yellow draconian (Depths:5)
  A deep elf death mage (Vaults:5)
  2 red draconians (Depths:5)
  A fire dragon (Depths:4)
  2 ettins
  A deep elf high priest (Elf:3)
  Josephine (Orc:2)
  A merfolk impaler (Shoals:3)
  A yaktaur captain (Vaults:1)
  The ghost of p0werm0de the Martial Artist, a journeyman OpGl of Cheibriados (Orc:2)
  2 great orbs of eyes
  A rakshasa (Depths:2)
  3 naga warriors
  A death knight (D:14)
  A two-headed ogre (Vaults:3)
  A dancing weapon (Elf:2)
  A shock serpent (Snake:4)
  2 orc high priests (Orc:2)
  A sun demon (Depths:5)
  2 naga sharpshooters
  A soul eater (Depths:5)
  3 hell knights (Depths:2)
  A salamander mystic (Snake:4)
  A skeletal warrior (Vaults:3)
  A deep troll (shapeshifter) (Vaults:5)
  A wizard (Depths:3)
  A deep troll (Vaults:1)
  An ironbrand convoker (Vaults:1)
  A phantasmal warrior (Vaults:5)
  A harpy (Vaults:3)
  2 orc knights (Orc:2)
  A manticore (D:14)
  4 salamanders
  6 orc sorcerers
  3 moths of wrath
  8 ugly things
  4 merfolk sirens (Shoals:3)
  An apis skeleton (Depths:1)
  3 black mambas
  An ice statue (IceCv)
  4 rust devils (Depths:5)
  A naga mage (Snake:4)
  3 water nymphs (Shoals:3)
  A centaur zombie (D:12)
  3 yaktaurs (Vaults:3)
  A komodo dragon (Lair:6)
  A human skeleton (Vaults:3)
  2 freezing wraiths
  3 merfolk
  A harpy zombie (D:15)
  A troll (Orc:1)
  A wind drake (Shoals:2)
  3 red devils (Depths:5)
  3 slime creatures (Depths:4)
  A hippogriff (shapeshifter) (Vaults:5)
  A blink frog (Lair:6)
  A snapping turtle (Shoals:2)
  A dream sheep (Lair:4)
  A shadow (Depths:5)
  A flying skull (Depths:5)
  A water elemental (Depths:4)
  A tarantella (shapeshifter) (D:14)
  4 wraiths
  4 basilisks (Lair:6)
  A vampire mosquito (Lair:6)
  8 nagas
  A deep troll skeleton (Vaults:4)
  A floating eye (Depths:4)
  A hell hound (Depths:5)
  2 ice beasts (IceCv)
  A boggart (Vaults:2)
  24 orc warriors
  An ogre (Orc:1)
  A crocodile (Lair:6)
  A bullfrog (D:14)
  3 orc priests (Orc:2)
  11 orc wizards
  An adder (Snake:1)
  A leopard gecko (D:8)
  17 orcs
  A plant (Depths:4)
246 creatures vanquished.

Vanquished Creatures (others)
  3 deep elf master archers (Elf:3)
  2 draconian scorchers
  An ironheart preserver (Vaults:4)
  A very ugly thing (Depths:2)
  A stone giant (Depths:2)
  A deep elf annihilator (Depths:4)
  A yellow draconian (Zot:4)
  A merfolk javelineer (Shoals:4)
  A yaktaur captain (Vaults:3)
  2 spriggan air magi (Depths:4)
  3 satyrs
  3 centaur warriors
  2 hell hogs (Depths:1)
  A wizard (Depths:4)
  2 deep elf archers
  A cyclops (D:15)
  4 deep elf magi
  A faun (Shoals:4)
  A salamander (shapeshifter) (Depths:2)
  A vault sentinel (Vaults:2)
  A naga mage (Snake:4)
  13 yaktaurs
  3 blink frogs (Lair:3)
  A water moccasin (Lair:5)
  An ogre (Vaults:3)
  2 boggarts
  4 centaurs
  An orc (D:14)
  A bush (Lair:5)
  A fire vortex (Depths:4)
  5 fungi (Lair:3)
  33 plants
  16 tentacles (Shoals:4)
115 creatures vanquished.

Grand Total: 2545 creatures vanquished

Notes
Turn   | Place    | Note
-------+----------+-------------------------------------------
     0 | D:1      | Heatsaber the Hill Orc Fighter began the quest for the Orb.
     0 | D:1      | Reached XP level 1. HP: 19/19 MP: 1/1
     1 | D:1      | Found a runed door.
    50 | D:1      | Reached XP level 2. HP: 27/27 MP: 2/2
   401 | D:1      | Reached XP level 3. HP: 23/33 MP: 3/3
   551 | D:1      | Reached skill level 4 in Fighting
   587 | D:1      | Reached XP level 4. HP: 32/40 MP: 4/4
   814 | D:2      | Reached XP level 5. HP: 32/47 MP: 5/5
  1373 | D:2      | Found a sacrificial altar of Ru.
  1736 | D:3      | Reached skill level 5 in Axes
  1756 | D:3      | HP: 1/47 [orc wizard/magic dart (5)]
  2164 | D:3      | Reached XP level 6. HP: 31/55 MP: 6/6
  2445 | D:3      | Reached skill level 5 in Fighting
  2723 | D:3      | Found a faded altar of an unknown god.
  3067 | D:4      | Noticed Sigmund
  3081 | D:4      | Killed Sigmund
  3081 | D:4      | Reached XP level 7. HP: 47/61 MP: 7/7
  3099 | D:4      | Found a stormy altar of Qazlal.
  3142 | D:4      | Reached skill level 5 in Shields
  3142 | D:4      | Reached skill level 5 in Armour
  3444 | D:4      | Found a basalt altar of Yredelemnul.
  3444 | D:4      | Found a snail-covered altar of Cheibriados.
  3702 | D:5      | Entered Level 5 of the Dungeon
  3760 | D:5      | Reached XP level 8. HP: 67/70 MP: 8/8
  3782 | D:5      | Reached skill level 6 in Fighting
  3822 | D:5      | Identified a +2 pair of boots of running (You found it on level 5 of the Dungeon)
  3870 | D:5      | Found a staircase to the Ecumenical Temple.
  3871 | D:5      | Noticed Ijyb
  3927 | D:5      | Killed Ijyb
  3985 | Temple   | Entered the Ecumenical Temple
  3993 | Temple   | Became a worshipper of Makhleb the Destroyer
  4210 | D:5      | Found a glowing golden altar of the Shining One.
  4653 | D:5      | Found a sparkling altar of Nemelex Xobeh.
  4667 | D:5      | Reached XP level 9. HP: 77/77 MP: 9/9
  4925 | D:5      | Reached skill level 7 in Fighting
  4985 | D:5      | Reached skill level 1 in Invocations
  5110 | D:5      | Reached * piety under Makhleb
  5113 | D:5      | Reached skill level 10 in Axes
  5458 | D:6      | Reached ** piety under Makhleb
  5735 | D:7      | Noticed Heatsaber's ghost (novice MiFi)
  5976 | D:7      | Found a snail-covered altar of Cheibriados.
  6033 | D:7      | Reached skill level 8 in Fighting
  6033 | D:7      | Reached XP level 10. HP: 80/87 MP: 11/13
  6279 | D:7      | Found a shattered altar of Ashenzari.
  6338 | D:7      | Got a vibrating glass ring
  6340 | D:7      | Identified the cursed ring "Mukusoy" {Int+6 Dex-2 Stlth+} (You found it on level 7 of the Dungeon)
  6448 | D:7      | Killed Heatsaber's ghost
  6476 | D:7      | Identified 3 scrolls of acquirement
  6543 | D:7      | Noticed a gargoyle
  6550 | D:7      | Noticed a brown ugly thing
  6551 | D:7      | Killed a gargoyle
  6551 | D:7      | Reached skill level 5 in Invocations
  6554 | D:7      | Noticed a deep elf mage
  6569 | D:7      | Killed a brown ugly thing
  6674 | D:7      | Killed a deep elf mage
  6917 | D:7      | Got an ancient buckler
  6929 | D:7      | Identified the +1 buckler "Qetonemi" {rF+ MR+} (You acquired it on level 7 of the Dungeon)
  7098 | D:7      | You fall through a shaft!
  7098 | D:8      | Noticed a two-headed ogre
  7107 | D:8      | Killed a two-headed ogre
  7107 | D:8      | Reached skill level 9 in Fighting
  7212 | D:8      | Reached *** piety under Makhleb
  7222 | D:8      | Reached XP level 11. HP: 76/97 MP: 15/15
  7295 | D:8      | Found a staircase to the Lair.
  7358 | D:8      | Noticed a two-headed ogre
  7369 | D:8      | Killed a two-headed ogre
  7395 | D:8      | Found Uvukhleh's Armour Emporium.
  7988 | D:9      | Reached **** piety under Makhleb
  8564 | D:9      | Found a staircase to the Orcish Mines.
  8660 | D:10     | Entered Level 10 of the Dungeon
  8670 | D:10     | Reached skill level 10 in Fighting
  8755 | Lair:1   | Entered Level 1 of the Lair of Beasts
  8802 | Lair:1   | Reached XP level 12. HP: 69/106 MP: 18/18
  9083 | Lair:1   | Noticed a six-headed hydra
  9108 | Lair:1   | Killed a two-headed hydra
  9487 | Lair:2   | Reached skill level 15 in Axes
  9512 | Lair:2   | Reached ***** piety under Makhleb
  9574 | Lair:2   | Reached skill level 10 in Armour
  9630 | Lair:2   | Noticed Harold
  9649 | Lair:2   | Killed Harold
  9649 | Lair:2   | Reached skill level 10 in Shields
  9718 | Lair:2   | Found a staircase to the Shoals.
 10430 | Lair:3   | Noticed a five-headed hydra
 10441 | Lair:3   | Killed a one-headed hydra
 10441 | Lair:3   | Reached skill level 11 in Fighting
 10620 | Lair:3   | Reached XP level 13. HP: 82/116 MP: 20/20
 11263 | Lair:4   | Reached skill level 10 in Invocations
 11463 | Lair:4   | Found a staircase to the Snake Pit.
 12040 | Lair:5   | Found a frozen archway.
 12065 | IceCv    | Entered an ice cave
 12075 | IceCv    | Reached skill level 12 in Fighting
 12082 | IceCv    | Found a transporter.
 12137 | IceCv    | Got a faintly glowing morningstar
 12191 | Lair:5   | Found a labyrinth entrance.
 12287 | Lair:5   | Found the +0 sword of Power
 12717 | Lair:5   | Found a blossoming altar of Fedhas.
 12904 | Lair:5   | Found a viscous altar of Jiyva.
 12905 | Lair:5   | Found a staircase to the Slime Pits.
 13033 | Lair:6   | Entered Level 6 of the Lair of Beasts
 13074 | Lair:6   | Reached ****** piety under Makhleb
 13086 | Lair:6   | Reached XP level 14. HP: 111/127 MP: 22/22
 13370 | Lair:6   | Reached skill level 13 in Fighting
 14225 | Shoals:1 | Entered Level 1 of the Shoals
 14349 | Orc:1    | Entered Level 1 of the Orcish Mines
 14760 | Orc:2    | Entered Level 2 of the Orcish Mines
 14806 | Orc:2    | Noticed p0werm0de's ghost (journeyman OpGl)
 14825 | Orc:2    | Killed p0werm0de's ghost
 14842 | Orc:2    | Noticed Josephine
 14850 | Orc:2    | Killed Josephine
 15173 | Orc:2    | Noticed an orc warlord
 15179 | Orc:2    | Killed an orc warlord
 15251 | Orc:2    | Noticed an orc warlord
 15257 | Orc:2    | Killed an orc warlord
 15285 | Orc:2    | Reached XP level 15. HP: 137/137 MP: 24/24
 15352 | Orc:2    | Found Igalat's General Store.
 15352 | Orc:2    | Found Xihol's Antique Armour Emporium.
 15352 | Orc:2    | Found Unyfuace's Book Emporium.
 15352 | Orc:2    | Found Irir's Antique Weapon Shoppe.
 15357 | Orc:2    | Bought a scroll of blinking for 120 gold pieces
 15357 | Orc:2    | Bought a ration for 80 gold pieces
 15367 | Orc:2    | Bought a steaming cloak for 256 gold pieces
 15367 | Orc:2    | Bought a brightly glowing chain mail for 256 gold pieces
 15373 | Orc:2    | Identified the +7 chain mail of Sifu {rElec MR+ Stlth+} (You bought it in a shop on level 2 of the Orcish Mines)
 15374 | Orc:2    | Identified the +2 cloak of Sif Muna {rElec rF- rCorr Dex-2} (You bought it in a shop on level 2 of the Orcish Mines)
 15612 | Orc:2    | Found a staircase to the Elven Halls.
 16127 | Shoals:1 | Reached skill level 14 in Fighting
 17973 | Shoals:3 | Noticed Ilsuiw
 18701 | Shoals:3 | Killed Ilsuiw
 18975 | Shoals:4 | Entered Level 4 of the Shoals
 19846 | Shoals:4 | Reached XP level 16. HP: 125/147 MP: 26/26
 20034 | Shoals:4 | Reached skill level 15 in Fighting
 20819 | Shoals:4 | Reached skill level 15 in Invocations
 20827 | Shoals:4 | Noticed a kraken
 20975 | Shoals:4 | Got a barnacled rune of Zot
 21204 | Shoals:4 | Killed a kraken
 21440 | Elf:1    | Entered Level 1 of the Elven Halls
 21440 | Elf:1    | Found an ancient bone altar of Kikubaaqudgha.
 21959 | Elf:1    | Found Dateij's Magic Scroll Shop.
 21967 | Elf:1    | Bought a scroll of enchant armour for 82 gold pieces
 21967 | Elf:1    | Bought a scroll of fog for 22 gold pieces
 21967 | Elf:1    | Bought a scroll of holy word for 82 gold pieces
 21967 | Elf:1    | Bought a scroll of identify for 22 gold pieces
 21967 | Elf:1    | Bought a scroll of teleportation for 33 gold pieces
 22198 | Elf:1    | Reached skill level 16 in Fighting
 23209 | Elf:1    | Reached XP level 17. HP: 158/158 MP: 28/28
 23246 | Elf:1    | Reached skill level 15 in Armour
 23300 | Elf:1    | Noticed a Hell Sentinel
 23301 | Elf:1    | Noticed a Hell Sentinel
 23313 | Elf:1    | Reached skill level 15 in Shields
 23815 | Elf:2    | Found Coruf's Gadget Boutique.
 24565 | Elf:2    | Reached skill level 17 in Fighting
 24598 | Elf:2    | Found a huge runed gate.
 24601 | Elf:2    | Found a huge runed gate.
 24601 | Elf:2    | Found a huge runed gate.
 24603 | Elf:2    | Found a huge runed gate.
 24603 | Elf:2    | Found a huge runed gate.
 25652 | Elf:3    | Entered Level 3 of the Elven Halls
 25837 | Elf:3    | Found Muptud's Weapon Shoppe.
 26038 | Elf:3    | Found a deep blue altar of Sif Muna.
 26326 | Elf:3    | Reached skill level 18 in Fighting
 26342 | Elf:3    | Reached XP level 18. HP: 152/172 MP: 29/29
 26431 | Elf:3    | Noticed an Ice Fiend
 26742 | Elf:3    | Noticed an Ice Fiend
 26761 | Elf:3    | Noticed an Ice Fiend
 27047 | Elf:3    | Reached skill level 1 in Dodging
 27061 | Elf:3    | Got a pitted bronze ring
 27072 | Elf:3    | Noticed a deep elf master archer
 27090 | Elf:3    | Killed a deep elf master archer
 27119 | Elf:3    | Noticed a deep elf master archer
 27129 | Elf:3    | Killed a deep elf master archer
 27608 | Snake:1  | Entered Level 1 of the Snake Pit
 27782 | Snake:1  | Identified the ring of the Everdark {rF+ rC+ Str-5 Int+2 Dex+3} (You took it off a deep elf high priest on level 3 of the Elven Halls)
 27852 | Snake:1  | Found Qaciewasudi's Antique Armour Boutique.
 28458 | Snake:2  | Learned a level 1 spell: Animate Skeleton
 28577 | Snake:2  | Found a transporter.
 28584 | Snake:2  | Found a radiant altar of Vehumet.
 28681 | Snake:2  | Found Qerol's Magic Scroll Emporium.
 28686 | Snake:2  | Bought a scroll of teleportation for 45 gold pieces
 28686 | Snake:2  | Bought a scroll of identify for 30 gold pieces
 28686 | Snake:2  | Bought a scroll of enchant weapon for 112 gold pieces
 28686 | Snake:2  | Bought a scroll of identify for 30 gold pieces
 28686 | Snake:2  | Bought a scroll of identify for 30 gold pieces
 28686 | Snake:2  | Bought a scroll of brand weapon for 300 gold pieces
 28686 | Snake:2  | Bought a scroll of identify for 30 gold pieces
 28898 | Snake:2  | Reached skill level 1 in Necromancy
 29050 | Snake:2  | Found a transporter.
 29172 | Snake:2  | Identified the +1 hat "Jidil" {Str+2} (You found it on level 2 of the Snake Pit)
 29352 | Snake:2  | Learned a level 2 spell: Blink
 29925 | Snake:3  | Reached skill level 19 in Fighting
 30069 | Snake:3  | Reached XP level 19. HP: 182/182 MP: 31/31
 30399 | Snake:4  | Entered Level 4 of the Snake Pit
 30461 | Snake:4  | Reached skill level 5 in Dodging
 30704 | Snake:4  | Found Ceqoptea's Armour Shoppe.
 30769 | Snake:4  | Found Xeawnebb's Book Emporium.
 32193 | Snake:4  | Got a serpentine rune of Zot
 32382 | Snake:4  | Found Odghutz's Antique Weapon Boutique.
 32394 | Snake:4  | Found Huaxt's Jewellery Emporium.
 32401 | Snake:4  | Found Wick's Book Shoppe.
 32982 | Elf:3    | Identified the +2 storm dragon scales of the Bells {rElec rN+ Str+7 Int-3} (You took it off a deep elf high priest on level 3 of the Elven Halls)
 33281 | Elf:3    | Got a heavily runed copper amulet
 33283 | Elf:3    | Identified the amulet of Nobility {Gourm rElec rPois Dex-5} (You took it off a deep elf elementalist on level 3 of the Elven Halls)
 33387 | Elf:3    | Got a fine lapis lazuli ring
 33567 | Elf:3    | Identified the Compendium of the Vitriolic Birds
 33629 | Elf:3    | Identified the ring "Wikhumeq" {Fire *Drain Int+2 Dex+3} (You took it off a deep elf death mage on level 3 of the Elven Halls)
 33695 | Elf:3    | Identified Cywuinku's Reference Book on Creative Good Luck
 34314 | D:10     | Reached XP level 20. HP: 193/193 MP: 32/32
 34958 | D:12     | Learned a level 2 spell: Song of Slaying
 34962 | D:12     | Learned a level 3 spell: Regeneration
 36087 | D:13     | Found a gate to the Vaults.
 36094 | D:13     | Reached skill level 1 in Charms
 37528 | D:15     | Entered Level 15 of the Dungeon
 37528 | D:15     | Noticed Sonja
 37533 | D:15     | Killed Sonja
 37596 | D:15     | Reached skill level 20 in Fighting
 37621 | D:15     | Found a staircase to the Depths.
 37771 | D:15     | Noticed Roxanne
 38163 | D:15     | Noticed Urug
 38180 | D:15     | Killed Urug
 38487 | D:15     | Killed Roxanne
 38579 | Vaults:1 | Entered Level 1 of the Vaults
 38974 | Vaults:1 | Reached skill level 10 in Dodging
 39272 | Vaults:1 | Found the +8 whip "Snakebite" {curare, rPois}
 39523 | Vaults:1 | Reached XP level 21. HP: 202/202 MP: 34/34
 39562 | Vaults:1 | Found Uphul's Magic Scroll Boutique.
 39600 | Vaults:1 | Bought a scroll of fear for 38 gold pieces
 39600 | Vaults:1 | Bought 2 scrolls of brand weapon for 440 gold pieces
 39600 | Vaults:1 | Bought a scroll of identify for 22 gold pieces
 39600 | Vaults:1 | Bought a scroll of teleportation for 33 gold pieces
 39600 | Vaults:1 | Bought a scroll of holy word for 82 gold pieces
 39600 | Vaults:1 | Bought a scroll of identify for 22 gold pieces
 39731 | Vaults:1 | Reached skill level 1 in Translocations
 40327 | Vaults:2 | Reached skill level 5 in Necromancy
 40463 | Vaults:2 | Reached skill level 5 in Charms
 40534 | Vaults:2 | Found Maquam's Food Shoppe.
 40753 | Vaults:2 | Noticed Sojobo
 40787 | Vaults:2 | Killed Sojobo
 40792 | Vaults:2 | Reached skill level 21 in Fighting
 41065 | Vaults:2 | Found a staircase to the Crypt.
 41647 | Vaults:3 | Reached skill level 5 in Translocations
 41792 | Vaults:3 | Noticed Frederick
 41820 | Vaults:3 | Killed Frederick
 42010 | Vaults:3 | Reached XP level 22. HP: 214/214 MP: 30/35
 42738 | Vaults:3 | Found Bocluur's Gadget Emporium.
 43195 | Vaults:4 | Found Utiqex's Jewellery Shop.
 43762 | Vaults:4 | Reached skill level 22 in Fighting
 43785 | Vaults:4 | Noticed Jory
 43822 | Vaults:4 | Killed Jory
 44483 | Vaults:5 | Entered Level 5 of the Vaults
 44500 | Vaults:5 | Noticed a golden dragon
 44526 | Vaults:5 | Killed a golden dragon
 44628 | Vaults:5 | Found Eciemuq's Food Shoppe.
 44729 | Vaults:5 | Reached XP level 23. HP: 224/224 MP: 33/36
 45174 | Vaults:5 | Noticed a golden dragon
 45203 | Vaults:5 | Killed a golden dragon
 45480 | Vaults:5 | Got a silver rune of Zot
 45670 | Vaults:5 | Found Zech's Distillery.
 45702 | Vaults:5 | Reached skill level 23 in Fighting
 45789 | Vaults:5 | Found Ruic's Magic Scroll Shoppe.
 45814 | Vaults:5 | Found Loseir's Gadget Boutique.
 45835 | Vaults:5 | Bought a scroll of holy word for 157 gold pieces
 45835 | Vaults:5 | Bought a scroll of identify for 42 gold pieces
 45835 | Vaults:5 | Bought a scroll of identify for 42 gold pieces
 45835 | Vaults:5 | Bought a scroll of teleportation for 63 gold pieces
 45838 | Vaults:5 | Found Agefed Wuu's Jewellery Shoppe.
 45850 | Vaults:5 | Bought 2 potions of curing for 90 gold pieces
 45850 | Vaults:5 | Bought a potion of heal wounds for 75 gold pieces
 45850 | Vaults:5 | Bought a potion of haste for 150 gold pieces
 45925 | Vaults:5 | Noticed a golden dragon
 45945 | Vaults:5 | Killed a golden dragon
 46032 | Vaults:5 | Found Fuetega's General Store.
 46071 | Vaults:5 | Reached XP level 24. HP: 235/235 MP: 36/36
 46102 | Vaults:5 | Bought a potion of invisibility for 88 gold pieces
 46102 | Vaults:5 | Bought a scroll of fog for 22 gold pieces
 46102 | Vaults:5 | Bought a wand of digging (9) for 286 gold pieces
 46102 | Vaults:5 | Bought a potion of curing for 33 gold pieces
 46280 | Vaults:5 | Found Lohe's Distillery.
 46290 | Vaults:5 | Bought a potion of heal wounds for 75 gold pieces
 46290 | Vaults:5 | Bought a potion of heal wounds for 75 gold pieces
 46290 | Vaults:5 | Bought a potion of heal wounds for 75 gold pieces
 46290 | Vaults:5 | Bought a potion of curing for 45 gold pieces
 46290 | Vaults:5 | Bought a potion of heal wounds for 75 gold pieces
 46290 | Vaults:5 | Bought a potion of curing for 45 gold pieces
 46290 | Vaults:5 | Bought a potion of resistance for 150 gold pieces
 46297 | Vaults:5 | Found Fyfe Ucw's Magic Scroll Shoppe.
 46305 | Vaults:5 | Bought a scroll of teleportation for 39 gold pieces
 46305 | Vaults:5 | Bought a scroll of teleportation for 39 gold pieces
 46305 | Vaults:5 | Bought a scroll of teleportation for 39 gold pieces
 46305 | Vaults:5 | Bought a scroll of identify for 26 gold pieces
 46305 | Vaults:5 | Bought a scroll of enchant weapon for 97 gold pieces
 46305 | Vaults:5 | Bought a scroll of identify for 26 gold pieces
 46981 | Slime:1  | Entered Level 1 of the Pits of Slime
 46990 | Slime:1  | Paralysed by a great orb of eyes for 2 turns
 47058 | Slime:1  | Gained mutation: Scrolls take you a little longer to read. [a shining eye]
 48075 | Depths:1 | Entered Level 1 of the Depths
 48097 | Depths:1 | Noticed an ancient lich
 48139 | Depths:1 | Paralysed by an ancient lich for 6 turns
 48153 | Depths:1 | Killed an ancient lich
 48154 | Depths:1 | Paralysed by a vampire knight for 7 turns
 48874 | Vaults:4 | Bought the ring "Gumoth" {Wiz MR+ Int+4} for 714 gold pieces
 49281 | Depths:1 | Identified the Disquisition on Evil Arts
 49354 | Depths:1 | Found a one-way gate to the infinite horrors of the Abyss.
 49838 | Depths:1 | Noticed Saint Roka
 49876 | Depths:1 | Killed Saint Roka
 49876 | Depths:1 | Reached skill level 24 in Fighting
 50016 | Depths:1 | Found a basalt altar of Yredelemnul.
 50094 | Depths:1 | Found Ethraj's Antique Armour Boutique.
 50094 | Depths:1 | Found Retsojof's Antique Weapon Shop.
 50099 | Depths:1 | Found Nimuipla's Magic Scroll Boutique.
 50117 | Depths:1 | Bought a shiny helmet for 217 gold pieces
 50117 | Depths:1 | Bought a jewelled chain mail for 275 gold pieces
 50121 | Depths:1 | Bought a scroll of enchant weapon for 105 gold pieces
 50121 | Depths:1 | Bought a scroll of teleportation for 42 gold pieces
 50121 | Depths:1 | Bought a scroll of teleportation for 42 gold pieces
 50121 | Depths:1 | Bought a scroll of teleportation for 42 gold pieces
 50121 | Depths:1 | Bought a scroll of fear for 49 gold pieces
 50127 | Depths:1 | Identified the +4 chain mail of Imperfection {rF+ Stlth+} (You bought it in a shop on level 1 of the Depths)
 50439 | Depths:1 | Found a gateway to Hell.
 50560 | Depths:2 | Found Dokiu's Weapon Emporium.
 50814 | Depths:2 | Noticed Aizul
 50837 | Depths:2 | Killed Aizul
 51133 | Depths:2 | Noticed Nikola
 51146 | Depths:2 | Noticed a juggernaut
 51154 | Depths:2 | Paralysed by a floating eye for 2 turns
 51162 | Depths:2 | Paralysed by a floating eye for 4 turns
 51183 | Depths:2 | Killed a juggernaut
 51183 | Depths:2 | Reached skill level 25 in Fighting
 51191 | Depths:2 | Killed Nikola
 51191 | Depths:2 | Reached XP level 25. HP: 196/249 MP: 36/36
 51213 | Depths:2 | Paralysed by a floating eye for 2 turns
 52273 | Depths:3 | Found Tiurph's Jewellery Emporium.
 52278 | Depths:3 | Found Dayhiph's Gadget Boutique.
 52279 | Depths:3 | Found Irghupt's Jewellery Emporium.
 52326 | Depths:3 | Found a one-way gate leading to the halls of Pandemonium.
 53309 | Depths:4 | Paralysed by a floating eye for 4 turns
 53765 | Depths:4 | Found a radiant altar of Vehumet.
 53765 | Depths:4 | Noticed Boris
 53772 | Depths:4 | Reached skill level 26 in Fighting
 53794 | Depths:4 | Killed Boris
 53895 | Depths:4 | Identified the Tome of Darkness and Venom
 54068 | Depths:5 | Entered Level 5 of the Depths
 54238 | Depths:5 | Found a shattered altar of Ashenzari.
 54241 | Depths:5 | Found a gateway to a ziggurat.
 54283 | Depths:5 | Found a basalt altar of Yredelemnul.
 54424 | Depths:5 | Reached XP level 26. HP: 155/264 MP: 36/36
 54563 | Depths:5 | Found a gate to the Realm of Zot.
 54858 | Depths:5 | Noticed a juggernaut
 54887 | Depths:5 | Killed a juggernaut
 54958 | Depths:5 | Found a snail-covered altar of Cheibriados.
 55111 | Depths:5 | Found a bloodstained altar of Trog.
 55141 | Depths:5 | Reached skill level 27 in Fighting
 55895 | Vaults:5 | Bought an uncursed ring of protection from magic for 350 gold pieces
 55895 | Vaults:5 | Bought an uncursed ring of protection from fire for 350 gold pieces
 56379 | Snake:4  | Bought an uncursed ring of protection from fire for 350 gold pieces
 56828 | Zot:1    | Entered Level 1 of the Realm of Zot
 57173 | Zot:1    | Reached skill level 1 in Evocations
 57308 | Zot:1    | Reached skill level 5 in Evocations
 58289 | Zot:2    | Reached XP level 27. HP: 272/272 MP: 36/36
 58302 | Zot:2    | Reached skill level 10 in Evocations
 58805 | Zot:2    | Got a wavering copper ring
 58808 | Zot:2    | Identified the ring "Kosofok" {MR+ MP+9 Str+3 Dex-5} (You acquired it on level 2 of the Realm of Zot)
 59092 | Zot:3    | Noticed an orb of fire
 59404 | Zot:3    | Gained mutation: You are frail. (-10% HP) [an orb of fire]
 59405 | Zot:3    | Killed an orb of fire
 60164 | Zot:4    | Noticed an orb of fire
 60172 | Zot:4    | Gained mutation: Your spells are a little easier to cast, but a little less powerful. [an orb of fire]
 60184 | Zot:4    | Gained mutation: Your flesh is heat resistant. (rF+) [an orb of fire]
 60186 | Zot:4    | Gained mutation: Armour fits poorly on your strangely shaped body. [an orb of fire]
 60188 | Zot:4    | Gained mutation: You do not regenerate when monsters are visible. [an orb of fire]
 60189 | Zot:4    | Killed an orb of fire
 60990 | Zot:5    | Entered Level 5 of the Realm of Zot
 61230 | Zot:5    | Noticed an ancient lich
 61245 | Zot:5    | Killed an ancient lich
 61342 | Zot:5    | Noticed an ancient lich
 61347 | Zot:5    | Noticed an ancient lich
 61348 | Zot:5    | Killed an ancient lich
 61358 | Zot:5    | Reached skill level 15 in Evocations
 61366 | Zot:5    | Killed an ancient lich
 61427 | Zot:5    | Noticed an ancient lich
 61448 | Zot:5    | Killed an ancient lich
 61619 | Zot:5    | Noticed an orb of fire
 61624 | Zot:5    | Gained mutation: Scrolls take you longer to read. [an orb of fire]
 61629 | Zot:5    | Gained mutation: Your magical capacity is low. (-10% MP) [an orb of fire]
 61630 | Zot:5    | Gained mutation: Your body sometimes deteriorates upon taking damage. [an orb of fire]
 61634 | Zot:5    | Killed an orb of fire
 61776 | Zot:5    | Noticed an orb of fire
 61814 | Zot:5    | Gained mutation: Potions are less effective at restoring your health. [an orb of fire]
 61815 | Zot:5    | Gained mutation: Your body often deteriorates upon taking damage. [an orb of fire]
 61816 | Zot:5    | Killed an orb of fire
 61893 | Zot:5    | Noticed an orb of fire
 61899 | Zot:5    | Noticed an orb of fire
 61930 | Zot:5    | Gained mutation: Your magical capacity is very low. (-20% MP) [an orb of fire]
 61934 | Zot:5    | Gained mutation: You are very frail. (-20% HP) [an orb of fire]
 61941 | Zot:5    | Noticed an orb of fire
 61941 | Zot:5    | Noticed an ancient lich
 61941 | Zot:5    | Gained mutation: You tend to lose your temper in combat. [an orb of fire]
 61944 | Zot:5    | Lost mutation: Armour fits poorly on your strangely shaped body. [potion of mutation]
 61944 | Zot:5    | Lost mutation: Your body often deteriorates upon taking damage. [potion of mutation]
 61944 | Zot:5    | Lost mutation: Your spells are a little easier to cast, but a little less powerful. [potion of mutation]
 61944 | Zot:5    | Lost mutation: You tend to lose your temper in combat. [potion of mutation]
 61945 | Zot:5    | Gained mutation: You expend magic power (3 MP) to strengthen your wands. [an orb of fire]
 61948 | Zot:5    | HP: 6/217 [orb of fire/bolt of fire (13)]
 61948 | Zot:5    | Gained mutation: Potions are poor at restoring your health. [an orb of fire]
 61950 | Zot:5    | HP: 1/217 [orb of fire/bolt of fire (5)]
 61951 | Zot:5    | Killed from afar by an orb of fire

Skill      XL: |  1  2  3  4  5  6  7  8  9 10 11 12 13 14 15 16 17 18 19 20 21 22 23 24 25 26 27 |
---------------+----------------------------------------------------------------------------------+-----
Axes           | 3 4 5 6 7 9 11 12 14 15 16 17 18 | 18.4
Fighting       | 4 5 6 8 9 10 11 12 13 14 16 18 19 20 21 22 23 25 26 27 | 27.0
Shields        | 4 5 6 7 8 9 10 11 12 13 14 15 16 17 18 20 21 22 23 25 | 25.0
Armour         | 4 5 6 7 8 9 10 11 12 13 14 16 17 18 21 | 21.1
Invocations    | 4 6 8 9 11 13 14 15 16 17 18 | 18.0
Dodging        | 4 8 10 11 12 | 12.8
Necromancy     | 2 4 5 6 |  6.0
Charms         | 4 5 6 |  6.0
Translocations | 5 6 |  6.0
Evocations     | 9 16 | 16.0

Action                   |  1- 3 |  4- 6 |  7- 9 | 10-12 | 13-15 | 16-18 | 19-21 | 22-24 | 25-27 || total
-------------------------+-------+-------+-------+-------+-------+-------+-------+-------+-------++-------
Melee: War axe           |   122 |   253 |   410 |   706 |  1004 |  1336 |  1832 |  1657 |  1993 ||  9313
       Dagger            |       |    98 |       |       |       |       |       |       |       ||    98
       Broad axe         |       |       |       |       |       |       |       |       |   341 ||   341
 Fire: Blowgun           |       |     3 |       |       |       |       |       |       |       ||     3
Throw: Javelin           |       |     1 |       |     2 |       |       |       |       |       ||     3
 Cast: Animate Skeleton  |       |       |       |       |       |       |   121 |   145 |   121 ||   387
       Song of Slaying   |       |       |       |       |       |       |    21 |    34 |    31 ||    86
       Blink             |       |       |       |       |       |       |       |     1 |     3 ||     4
       Regeneration      |       |       |       |       |       |       |       |       |     1 ||     1
Invok: Minor Destruction |       |       |       |     5 |   419 |   141 |    70 |     6 |     8 ||   649
       Lesser Servant of |       |       |       |     2 |    21 |     1 |     1 |       |       ||    25
       Major Destruction |       |       |       |       |     8 |     2 |       |       |       ||    10
       Greater Servant o |       |       |       |       |    11 |     7 |     6 |     3 |     6 ||    33
 Abil: Evoke Flight      |       |       |       |       |     5 |     4 |       |       |       ||     9
Evoke: Wand              |       |       |     4 |     1 |     4 |     1 |       |       |       ||    10
  Use: Scroll            |       |    11 |    12 |    11 |    21 |    20 |    16 |    20 |    24 ||   135
       Potion            |       |     4 |     1 |     1 |     1 |     4 |     8 |    10 |     2 ||    31
 Stab: Distracted        |       |       |       |     1 |     5 |     2 |    12 |     8 |    15 ||    43
       Confused          |       |       |       |       |     1 |       |       |       |       ||     1
  Eat: Chunk             |       |     8 |    10 |    16 |    23 |    22 |    44 |    40 |    81 ||   244
       Ration            |       |       |       |       |     3 |     3 |     2 |     2 |       ||    10
Armor: Scale mail        |    40 |    95 |       |       |       |       |       |       |       ||   135
       Chain mail        |       |    27 |   185 |   123 |   183 |   410 |   500 |   444 |    35 ||  1907
       Plate armour      |       |       |       |   185 |   246 |       |       |       |       ||   431
       Gold dragon scale |       |       |       |       |       |       |       |   149 |   814 ||   963
Dodge: Dodged            |    40 |    97 |    85 |   149 |   200 |   212 |   455 |   413 |   391 ||  2042
Block: Shield            |    75 |   180 |   181 |   364 |   594 |   775 |  1417 |   467 |       ||  4053
       Reflection        |       |     1 |       |       |    66 |    75 |   170 |    68 |     4 ||   384
       Large shield      |       |       |       |       |       |       |     2 |  1214 |  2758 ||  3974
